 Dungeon Crawl Stone Soup version 0.30-a0-509-gd016549fea (webtiles) character file.

Game seed: 12395941365275347829

1005 tilp the Slasher (level 8, -1/61 (68) HPs)
             Began as a Meteoran Fighter on Dec 22, 2022.
             Was an Initiate of Okawaru.
             Slain by a wight
             ... wielding a +0 short sword
              (2 damage)
             ... on level 7 of the Dungeon.
             The game lasted 00:09:24 (1928 turns).

tilp the Slasher (Meteoran Fighter)                 Turns: 1928, Time: 00:09:25

HP:   -1/61 (68)    AC: 10    Str: 18    XL:     8   Next: 72%
MP:   9/9           EV: 12    Int: 10    God:    Okawaru [......]
Gold: 157           SH:  5    Dex: 15    Spells: 7/7 levels left

rFire   . . .      SeeInvis .    a - +0 scimitar
rCold   . . .      Faith    .    c - +0 buckler
rNeg    . . .      Spirit   .    d - +1 ring mail {Will+}
rPois   .          Reflect  .    (no helmet)
rElec   .          Harm     .    l - +2 cloak
rCorr   .          Rampage  .    (no gloves)
Will    ++...                    (no boots)
Stlth   +.........               (no amulet)
HPRegen 0.30/turn                (no ring)
MPRegen 0.11/turn                (no ring)

@: glowing, heavily drained
A: sense surroundings 1, otherworldly, glowing, explore regen
a: Renounce Religion


You were on level 7 of the Dungeon.
You worshipped Okawaru.
Okawaru was noncommittal.
You visited 2 branches of the dungeon, and saw 8 of its levels.

You collected 157 gold pieces.

Inventory:

Hand Weapons
 a - a +0 scimitar (weapon)
 b - a +0 rapier
 j - a +3 great sword
 q - a +1 long sword
Missiles
 i - 9 poisoned darts (quivered)
 k - 22 stones
Armour
 c - a +0 buckler (worn)
 d - a +1 ring mail of willpower (worn)
 f - a +0 scale mail
 l - a +2 cloak (worn)
Jewellery
 g - a ring of wizardry
Potions
 h - a potion of mutation
 m - a potion of curing {unknown}
 p - a potion of lignification {unknown}


   Skills:
 + Level 5.0 Fighting
 + Level 5.2 Long Blades
 + Level 3.1 Throwing
 + Level 5.2 Armour
 + Level 5.2 Dodging
 + Level 3.0 Stealth
 - Level 4.0 Shields


You had 7 spell levels left.
You didn't know any spells.
Your spell library contained the following spells:

 Spells                   Type           Power      Damage    Failure   Level
 Sandblast                Erth           0%         2d4       63%         1
 Passwall                 Tmut/Erth      0%         N/A       77%         2
 Stone Arrow              Conj/Erth      0%         3d7       94%         3


Dungeon Overview and Level Annotations

Branches:
Dungeon (7/15) Zot: 2354   Temple (1/1) D:6 Zot: 441

Altars:
Okawaru
Sif Muna
Wu Jian

Annotations:
D:5 2 runed translucent doors, MirrMurr's ghost, novice KoHu
D:7 Joseph


Innate Abilities, Weirdness & Mutations

You passively map a small area around you.
You are easily found by Zot.
You glow in the dark.
You regain HP and MP as you explore.


Message History

You feel drained. The wight freezes you.
You closely miss the wight.
The wight is lightly damaged.
The wight hits you with a +2 dire flail of freezing!
* * * LOW HITPOINT WARNING * * *
The wight freezes you.
* * * LOW HITPOINT WARNING * * *
You slash the wight!
The wight is severely damaged.
The wight hits you with a +2 dire flail of freezing.
* * * LOW HITPOINT WARNING * * *
You feel drained. The wight freezes you.
* * * LOW HITPOINT WARNING * * *
The wight hits you with a +2 dire flail of freezing.
* * * LOW HITPOINT WARNING * * *
The wight freezes you.
* * * LOW HITPOINT WARNING * * *
You slash the wight!
You destroy the wight!
Okawaru accepts your kill.
Joseph shoots a sling bullet.
The sling bullet hits you.
* * * LOW HITPOINT WARNING * * *
Unknown command. 3 wights come into view.
Things that are here:
a +2 dire flail of freezing; a +0 robe You can't see any enemies this would affect, really read the scroll of fear?
Okay, then.
Joseph shoots a sling bullet.
The sling bullet hits you!
* * * LOW HITPOINT WARNING * * *
You see here a scroll of immolation.
As you read the scroll of fear, it crumbles to dust.
You assume a fearsome visage.
Joseph looks frightened!
The wight is unaffected.
Unknown command.
The wight attacks as you move away! The wight hits you but does no damage.
The wight attacks as you move away!
The wight hits you with a +0 short sword.
* * * LOW HITPOINT WARNING * * *
You feel drained.
You die...

#.####.#........# #
* #[#........##.#
#.#)..........#
#)))..........# *
,*
*#####........... ,
,, ..#.......#.## *
* #.#..#....#, *
######.#..######.z.
, ,
#..@...#.@#..z.z.#
#.#.[....z#)# * ,,
#.#.#####.?.# *
#.#.# ##### , #.#.#
#.#.# #.#.# #.#.#
#.#.# ,


You could see a wight.

Vanquished Creatures
  An ice beast (D:6)
  2 scorpions
  6 wights
  2 howler monkeys
  3 orc priests
  2 hounds (D:6)
  A gnoll bouda (D:6)
  2 orc wizards
  An iguana (D:5)
  10 gnolls
  An adder (D:5)
  A white imp (D:5)
  An ufetubus (D:5)
  A worm (D:5)
  10 orcs
  An endoplasm (D:4)
  3 giant cockroaches (D:4)
  3 goblins
  4 jackals (D:4)
  2 kobolds
  2 quokkas
  A ball python (D:4)
  2 bats (D:3)
  3 frilled lizards (D:1)
65 creatures vanquished.

Vanquished Creatures (others)
  An orc wizard (D:5)
1 creature vanquished.

Grand Total: 66 creatures vanquished

Notes
Turn   | Place    | Note
-------+----------+-------------------------------------------
     0 | D:1      | tilp the Meteoran Fighter began the quest for the Orb.
     0 | D:1      | Reached XP level 1. HP: 19/19 MP: 2/2
    19 | D:1      | Found a faded altar of an unknown god.
    90 | D:1      | Reached XP level 2. HP: 26/26 MP: 3/3
   171 | D:4      | Reached skill level 1 in Dodging
   177 | D:4      | Reached XP level 3. HP: 29/31 MP: 4/4
   232 | D:4      | Found an ornate altar of the Wu Jian Council.
   395 | D:4      | Noticed an ogre
   478 | D:5      | Entered Level 5 of the Dungeon
   562 | D:4      | Reached XP level 4. HP: 23/39 MP: 5/5
   733 | D:6      | Reached skill level 1 in Stealth
   733 | D:6      | Reached XP level 5. HP: 43/46 MP: 6/6
   733 | D:6      | Noticed an ice beast
   828 | D:5      | Found a large runed translucent door.
   828 | D:5      | Found a large runed translucent door.
   830 | D:5      | Noticed MirrMurr's ghost (novice KoHu)
   924 | D:5      | Reached XP level 6. HP: 41/52 MP: 7/7
  1215 | D:5      | Reached XP level 7. HP: 55/59 MP: 8/8
  1309 | D:5      | Reached skill level 1 in Throwing
  1508 | D:6      | Reached XP level 8. HP: 29/67 MP: 9/9
  1534 | D:6      | Reached skill level 5 in Dodging
  1599 | D:6      | Reached skill level 5 in Long Blades
  1599 | D:6      | Reached skill level 5 in Armour
  1640 | D:6      | Found a staircase to the Ecumenical Temple.
  1648 | Temple   | Entered the Ecumenical Temple
  1756 | Temple   | Became a worshipper of Warmaster Okawaru
  1869 | D:7      | Reached skill level 5 in Fighting
  1882 | D:7      | Noticed Joseph
  1928 | D:7      | HP: 1/62 [wight/+0 short sword (4)]
  1928 | D:7      | Slain by a wight

Illustrated notes

Levels and vault maps discovered:
D:1:      giann_wishing_wells, layout_rooms,
          hellmonk_ecumenical_altar_heavens_door
D:2:      layout_basic, kennysheep_generic_room_12, uniq_jessica, uniq_robin
D:3:      layout_loops_ring, minmay_checkerbox
D:4:      lemuel_castle_with_subvaults [lemuel_castle_interior_original],
          layout_basic, nzn_wu_jian_council_hall
D:5:      layout_loops_corners, ebering_ghost_disaster_area
D:6:      layout_rooms, minmay_temple_entry_statues_fountains
D:7:      layout_basic, yredelemnul_altar_generic, enter_bailey_5, uniq_joseph
Temple:   mainiacjoe_temple_cubbyholes

Skill      XL: |  1  2  3  4  5  6  7  8 |
---------------+-------------------------+-----
Dodging        | 1 2 3 4 5 |  5.2
Armour         | 4 5 |  5.2
Shields        | 4 |  4.0
Long Blades    | 3 4 5 |  5.2
Stealth        | 1 2 3 |  3.0
Fighting       | 4 5 |  5.0
Throwing       | 2 3 |  3.1

Action                   |  1- 3 |  4- 6 |  7- 9 || total
-------------------------+-------+-------+-------++-------
Melee: Long sword        |    67 |    78 |   134 ||   279
       Scimitar          |       |       |    33 ||    33
Throw: Dart              |       |     1 |     7 ||     8
       Stone             |       |       |     1 ||     1
  Use: Scroll            |     3 |       |     6 ||     9
       Potion            |       |       |     1 ||     1
Armor: Scale mail        |    43 |    32 |    49 ||   124
       Ring mail         |       |       |    13 ||    13
Dodge: Dodged            |    33 |    36 |    49 ||   118
Block: Buckler           |    17 |    22 |    36 ||    75

Table legend: (Time is in decaauts)
 A = Elapsed time spent in this place.
 B = Non-inter-level travel time spent in this place.
 C = Inter-level travel time spent in this place.
 D = Time resting spent in this place.
 E = Time spent auto-exploring this place.
 F = Levels seen in this place.
 G = Mean time per level.
                   A        B        C        D        E       F      G
               +--------+--------+--------+--------+--------+-----+--------+
         Total |   2004 |   1783 |    221 |      0 |     21 |   8 |  250.5 |
       Dungeon |   1845 |   1701 |    144 |      0 |      0 |   7 |  263.6 |
        Temple |    158 |     81 |     77 |      0 |     21 |   1 |  158.0 |
               +--------+--------+--------+--------+--------+-----+--------+

Top non-repeatable levels by time:
     D:5: 714 daAuts
     D:4: 439 daAuts
     D:6: 352 daAuts
  Temple: 158 daAuts
     D:7: 120 daAuts
     D:1: 96 daAuts
     D:3: 96 daAuts
     D:2: 26 daAuts
